 Dungeon Crawl Stone Soup version 0.19.5 (webtiles) character file.

214 vatarom the Firebug (level 5, 0/28 HPs)
             Began as a Deep Elf Fire Elementalist on Mar 13, 2017.
             Killed from afar by an orc wizard (10 damage)
             ... with a puff of frost
             ... on level 2 of the Dungeon.
             The game lasted 00:09:18 (2798 turns).

vatarom the Firebug (Deep Elf Fire Elementalist)    Turns: 2798, Time: 00:09:19

Health: 0/28       AC:  3    Str:  5    XL:     5   Next: 59%
Magic:  1/11       EV: 13    Int: 21    God:
Gold:   77         SH:  0    Dex: 15    Spells: 4 memorised, 0 levels left

rFire  + . .     SeeInvis .     e - +0 dagger
rCold  x . .     Gourm    +     a - +0 robe
rNeg   . . .     Faith    .     (no shield)
rPois  .         Spirit   .     o - +0 helmet (curse)
rElec  .         Reflect  .     (no cloak)
rCorr  .         Harm     .     (no gloves)
MR     .....                    (no boots)
Stlth  ++........               i - amulet of the gourmand
                                (no ring)
                                g - ring of fire

@: no status effects
A: no striking features
a: no special abilities


You were on level 2 of the Dungeon.
You were completely stuffed.

You visited 1 branch of the dungeon, and saw 3 of its levels.

You collected 77 gold pieces.

Inventory:

Hand Weapons
 e - a +0 dagger (weapon)
Missiles
 j - 3 javelins (quivered)
Armour
 a - a +0 robe (worn)
 f - a +2 buckler
 o - a cursed +0 helmet (worn)
Jewellery
 g - a ring of fire (left hand)
 i - an amulet of the gourmand (around neck)
 l - an uncursed amulet of rage
Potions
 d - a potion of cancellation
 h - a potion of brilliance
 n - 2 potions of curing
Books
 b - a book of Flames

   Spells                             Type                      Level
   a - Flame Tongue                   Conjuration/Fire             1
   b - Throw Flame                    Conjuration/Fire             2
   c - Conjure Flame                  Conjuration/Fire             3
   d - Inner Flame                    Hexes/Fire                   3
   e - Sticky Flame                   Conjuration/Fire             4
   f - Fireball                       Conjuration/Fire             5
Comestibles
 c - 3 bread rations
 k - a meat ration
 m - 6 chunks of flesh


   Skills:
 - Level 2.4 Dodging
 - Level 2.4 Stealth
 - Level 3.0 Spellcasting
 - Level 1.1 Conjurations
 + Level 7.0 Fire Magic


You couldn't memorise any spells.
You knew the following spells:

 Your Spells              Type           Power        Failure   Level  Hunger
a - Flame Tongue          Conj/Fire      ####.        2%          1    None
b - Throw Flame           Conj/Fire      ####..       4%          2    ##.....
c - Sticky Flame          Conj/Fire      ####....     28%         4    ####...
d - Conjure Flame         Conj/Fire      ####....     10%         3    ###....


Dungeon Overview and Level Annotations

Branches:
Dungeon (3/15)

Altars:
Okawaru
Uskayaw


Message History

A gnoll comes into view. It is wielding a halberd.
Casting: Flame Tongue
Confirm with . or Enter, or press ? or * to list all spells.
Aiming: Flame Tongue
Press: ? - help, Shift-Dir - straight line, f - orc
Aim: an orc, wielding a club You feel a surge of power!
The flame tongue hits the orc.
You kill the orc!
The gnoll shouts! x2
Something hits you. The orc closely misses you.
You hear some strange, mumbled words.
A puff of flame appears from out of thin air!
The puff of flame hits you! You resist.
You climb upwards.
There is a stone staircase leading down here.
You hear some strange, mumbled words.
A puff of frost appears from out of thin air!
The puff of frost hits you!
You feel a terrible chill!
You die...

## #######.##.##########.###
#....##.##<...........###
#.#............#####....#
#.#####.######.# #..#.#
#.....#.# #.#####.##.#
###.###.# #.....#.##.#
####.# #.# ####....##.#
#....###.# ######..####.#
###........####>@..........#
.......####...{.o.##..######
)....### #.#.>.......#
.....# #........#.## .....#
#........#.# .....#
#.....#....# .....#
####........### .....#
#......#'###### ######
####..........# ########


You could see an orc.

Vanquished Creatures
  An orc priest (D:3)
  Jessica (D:2)
  A worker ant (D:3)
  An adder (D:2)
  4 gnolls (D:2)
  An ooze (D:1)
  A worm (D:3)
  A dart slug (D:1)
  15 orcs (D:3)
  2 ball pythons
  3 giant cockroaches (D:1)
  7 goblins
  7 hobgoblins
  A quokka (D:3)
  7 bats
  4 frilled lizards
  7 kobolds
  4 rats
68 creatures vanquished.

Notes
Turn   | Place    | Note
-------+----------+-------------------------------------------
     0 | D:1      | vatarom the Deep Elf Fire Elementalist began the quest for the Orb.
     0 | D:1      | Reached XP level 1. HP: 10/10 MP: 6/6
   197 | D:1      | Reached XP level 2. HP: 11/15 MP: 4/8
   198 | D:1      | Reached skill level 4 in Fire Magic
   372 | D:1      | Learned a level 2 spell: Throw Flame
   752 | D:2      | Reached XP level 3. HP: 19/19 MP: 4/9
   756 | D:2      | Reached skill level 5 in Fire Magic
   925 | D:2      | Noticed Jessica
   927 | D:2      | Killed Jessica
   927 | D:2      | Reached XP level 4. HP: 24/24 MP: 6/10
   988 | D:1      | Learned a level 4 spell: Sticky Flame
  1286 | D:2      | Found an iron altar of Okawaru.
  1621 | D:2      | Reached skill level 6 in Fire Magic
  1896 | D:2      | Found a hide-covered altar of Uskayaw.
  2328 | D:3      | Reached XP level 5. HP: 28/28 MP: 8/11
  2348 | D:3      | Learned a level 3 spell: Conjure Flame
  2788 | D:3      | Reached skill level 7 in Fire Magic
  2798 | D:2      | Killed from afar by an orc wizard

Skill      XL: |  1  2  3  4  5 |
---------------+----------------+-----
Fire Magic     | 4 5 6 7 |  7.0
Dodging        | |  2.4
Stealth        | |  2.4
Spellcasting   | |  3.0
Conjurations   | |  1.1

Action                   |  1- 3 |  4- 6 || total
-------------------------+-------+-------++-------
Melee: Dagger            |     8 |     5 ||    13
Throw: Javelin           |       |     3 ||     3
 Cast: Flame Tongue      |    44 |    71 ||   115
       Sticky Flame      |       |     1 ||     1
       Conjure Flame     |       |     2 ||     2
  Use: Scroll            |     1 |     4 ||     5
       Potion            |       |     5 ||     5
  Eat: Chunk             |    11 |    11 ||    22
Armor: Robe              |     5 |     8 ||    13
Dodge: Dodged            |    18 |    31 ||    49
Block: Buckler           |     2 |     1 ||     3
